 Dungeon Crawl Stone Soup version 0.28.0-45-g0d030f2227 (webtiles) character file.

Game seed: 18114351812869518566

65 NinjaNoafa the Poker (level 4, -2/38 HPs)
             Began as a Merfolk Gladiator on Apr 15, 2022.
             Killed from afar by an orc wizard (8 damage)
             ... with a magic dart
             ... on level 3 of the Dungeon.
             The game lasted 00:05:03 (2219 turns).

NinjaNoafa the Poker (Merfolk Gladiator)            Turns: 2219, Time: 00:05:04

Health: -2/38      AC:  4    Str: 14    XL:     4   Next: 13%
Magic:  4/4        EV: 14    Int:  7    God:
Gold:   63         SH:  0    Dex: 17    Spells: 3/3 levels left

rFire   + . .      SeeInvis .   a - +0 trident
rCold   + . .      Faith    .   (no shield)
rNeg    . . .      Spirit   .   b - +0 leather armour
rPois   +          Reflect  .   c - +0 helmet
rElec   +          Harm     .   (no cloak)
rCorr   +          Rampage  .   (no gloves)
Will    .....                   (no boots)
Stlth   +.........              (no amulet)
HPRegen 0.12/turn               (no ring)
MPRegen 0.09/turn               (no ring)

@: brilliant, resistant
A: (nimble swimmer 2), mertail, sense surroundings 1, robust 1
a: no special abilities


You were on level 3 of the Dungeon.
You visited 1 branch of the dungeon, and saw 3 of its levels.

You collected 63 gold pieces.

Inventory:

Hand Weapons
 a - a +0 trident (weapon)
 r - a +1 vorpal mace
Missiles
 d - 2 throwing nets (quivered)
 n - 3 boomerangs
 o - 28 stones
Armour
 b - a +0 leather armour (worn)
 c - a +0 helmet (worn)
Scrolls
 e - a scroll of teleportation {unknown}
 i - a scroll of fear {unknown}
 l - 2 scrolls of identify {unknown}
Potions
 j - a potion of brilliance
 k - a potion of ambrosia {unknown}
 m - a potion of haste {unknown}
 p - a potion of curing {unknown}
 q - a potion of cancellation {unknown}


   Skills:
 + Level 3.0 Fighting
 - Level 5.0 Polearms
 + Level 2.7 Throwing
 + Level 4.7 Dodging
 + Level 0.2 Spellcasting
 + Level 0.2 Hexes
 + Level 0.1 Ice Magic


You had 3 spell levels left.
You didn't know any spells.
Your spell library contained the following spells:

 Spells                   Type           Power      Damage    Failure   Level
 Ensorcelled Hibernation  Hex/Ice        0%         N/A       63%         2
 Spider Form              Tmut/Pois      0%         N/A       87%         3
 Anguish                  Hex/Necr       0%         N/A       99%         4
 Borgnjor's Revivificati  Necr           0%         N/A       100%        8
 Necromutation            Tmut/Necr      0%         N/A       100%        8
 Death's Door             Necr           0%         N/A       100%        9


Dungeon Overview and Level Annotations

Branches:
Dungeon (3/15)

Altars:


Innate Abilities, Weirdness & Mutations

((You are very nimble when in or above water. (Stealth+, EV+, Speed+++)))
Your lower body shifts to a powerful aquatic tail in water.
You passively map a small area around you.
You are robust. (+10% HP)


Message History

You kill the orc!
You puncture the hobgoblin!
You kill the hobgoblin!
Something completely misses you.
Things that are here:
a +0 whip; a +0 ring mail; an orc corpse Throw: dart (poison)
Press: ? - help, Q - select action, (/) - cycle Shift-Dir - straight line, f - endoplasm
Aim: an endoplasm (86% to hit)
You throw a poisoned dart. You closely miss something. Something hits you.
The endoplasm closely misses you.
You closely miss something. Something hits you. The endoplasm freezes you.
You are frozen.
You hit the endoplasm.
The endoplasm is almost dead.
The endoplasm freezes you.
You are frozen.
Something hits you.
It was a potion of resistance.
You feel protected.
The endoplasm hits you but does no damage.
Something hits you.
It was a potion of brilliance.
You feel clever all of a sudden. Something hits you but does no damage.
The endoplasm freezes you.
You are frozen.
You resist.
* * * LOW HITPOINT WARNING * * *
Something barely misses you.
It was a potion of mutation.
You feel extremely strange.
You feel a strange attunement to the structure of the dungeons.
You feel robust. The orc hits you with a +0 dagger.
* * * LOW HITPOINT WARNING * * *
Something hits you but does no damage. The endoplasm barely misses you.
You hear some strange, mumbled words.
A magic dart appears from out of thin air!
The magic dart hits you!
You die...

, ...##.......#.#####.# #.#.#
.############.......# #.#.. ,
, ... #.#########.#.. , #..*
##'## #..#.# #.. ##...##
##.##.. ** #.. ##.....##
#..##.. ##..* ##.......##
##.##.#
##.#...####o........####..#..
..........'{@.......'.....#..
(......####J{.......###...#.#
....... ##.......## #.#.#..
##.#### ##.....## #.###.. #
##...## #.# #.# ##'## #.. #..
#.# ### #.. #.# #.# * ##.##
#..


You could see an orc and an endoplasm.

Vanquished Creatures
  An adder (D:2)
  A dart slug (D:1)
  6 orcs (D:3)
  2 ball pythons
  4 endoplasms
  4 giant cockroaches
  4 goblins
  2 hobgoblins
  6 kobolds
  3 quokkas
  3 bats
  7 rats
43 creatures vanquished.

Notes
Turn   | Place    | Note
-------+----------+-------------------------------------------
     0 | D:1      | NinjaNoafa the Merfolk Gladiator began the quest for the
                  | Orb.
     0 | D:1      | Reached XP level 1. HP: 16/16 MP: 1/1
   406 | D:1      | Found a faded altar of an unknown god.
   440 | D:1      | Reached XP level 2. HP: 9/23 MP: 2/2
  1269 | D:2      | Reached XP level 3. HP: 27/28 MP: 3/3
  1413 | D:2      | Reached skill level 5 in Polearms
  1999 | D:3      | Reached XP level 4. HP: 32/34 MP: 4/4
  2219 | D:3      | Gained mutation: You passively map a small area around you.
                  | [potion of mutation]
  2219 | D:3      | Gained mutation: You are robust. (+10% HP) [potion of
                  | mutation]
  2219 | D:3      | Killed from afar by an orc wizard

Illustrated notes

Levels and vault maps discovered:
D:1:      dpeg_arrival_refuge, layout_basic, chequers_ecumenical_altar_simple,
          serial_rivers, chequers_serial_rivers_room_b,
          chequers_serial_rivers_micro_e, chequers_serial_rivers_large_b,
          chequers_serial_rivers_small_b, bh_walls_and_bars
D:2:      layout_basic
D:3:      wander_river, layout_loops_corners, columned_hall_lemuel

Skill      XL: |  1  2  3  4 |
---------------+-------------+-----
Polearms       | 5 |  5.0
Fighting       | 3 |  3.0
Throwing       | |  2.7
Dodging        | |  4.7
Spellcasting   | |  0.2
Hexes          | |  0.2
Ice Magic      | |  0.1

Action                   |  1- 3 |  4- 6 || total
-------------------------+-------+-------++-------
Melee: Trident           |   103 |    14 ||   117
       Mace              |       |     2 ||     2
Throw: Throwing net      |     3 |       ||     3
       Boomerang         |     8 |       ||     8
       Dart              |     3 |     2 ||     5
  Use: Potion            |       |     3 ||     3
 Stab: Sleeping          |     2 |       ||     2
Armor: Leather armour    |    37 |     8 ||    45
Dodge: Dodged            |    89 |    16 ||   105
